 Dungeon Crawl Stone Soup version 0.25.1-2-g60ff931df9 (webtiles) character file.

Game seed: 112955096236204226

137698 Engwar the Brawler (level 17, -2/149 (150) HPs)
             Began as a Ghoul Gladiator on Aug 27, 2020.
             Was the Champion of Wu Jian.
             Slain by a tyrant leech (24 damage)
             ... on level 3 of the Swamp.
             The game lasted 01:45:35 (33430 turns).

Engwar the Brawler (Ghoul Gladiator)               Turns: 33430, Time: 01:45:35

HP:   -2/149 (150)  AC: 18    Str: 22    XL:     17   Next: 24%
MP:   19/19         EV: 16    Int:  3    God:    Wu Jian [******]
Gold: 1107          SH: 21    Dex: 13    Spells: 16/16 levels left

rFire    . . .     SeeInvis +     - Unarmed
rCold    + + .     Gourm    .   r - +2 kite shield
rNeg     + + +     Faith    .   T - +2 plate armour {rC+}
rPois    ∞         Spirit   .   I - +0 mask of the Dragon {MR+ Slay+3 SInv}
rElec    .         Reflect  +   (no cloak)
rCorr    .         Harm     .   (no gloves)
MR       ++...                  v - +1 pair of boots
Stlth    ..........             p - amulet of reflection
HPRegen  0.00/turn              G - +4 ring of evasion
MPRegen  0.16/turn              H - +4 ring of evasion

@: rotting, studying Translocations
A: rotting body, claws 1, carnivore, cold resistance 1, negative energy
resistance 3, inhibited regeneration, torment resistance, unbreathing
a: Wall Jump, Serpent's Lash, Heavenly Storm, Renounce Religion


You were on level 3 of the Swamp.
You worshipped Wu Jian.
Wu Jian was exalted by your worship.
You were not hungry.

You visited 4 branches of the dungeon, and saw 27 of its levels.

You collected 2597 gold pieces.
You spent 1490 gold pieces at shops.

Inventory:

Missiles
 c - 5 throwing nets (quivered)
 l - 32 boomerangs
Armour
 r - a +2 kite shield (worn)
 v - a +1 pair of boots (worn)
 I - the +0 mask of the Dragon (worn) {MR+ Slay+3 SInv}
   (You bought it in a shop on level 2 of the Orcish Mines)

   It affects your accuracy and damage with ranged weapons and melee attacks
   (+3).
   It affects your resistance to hostile enchantments.
   It lets you see invisible.
 S - +0 fire dragon scales
 T - a +2 plate armour of cold resistance (worn)
Jewellery
 p - an amulet of reflection (around neck)
 t - an uncursed ring of protection from fire
 A - an uncursed ring of resist corrosion
 G - a +4 ring of evasion (left claw)
 H - a +4 ring of evasion (right claw)
Wands
 f - a wand of paralysis (9)
 i - a wand of clouds (7)
 k - a wand of enslavement (8)
 q - a wand of disintegration (11)
 u - a wand of acid (11)
 w - a wand of iceblast (6)
 z - a wand of digging (31)
 F - a wand of flame (23)
Scrolls
 g - 3 scrolls of identify
 y - 10 scrolls of teleportation
 D - 2 scrolls of blinking
 J - a scroll of enchant weapon
 L - 3 scrolls of remove curse
 N - 2 scrolls of magic mapping
 P - a scroll of fog
Potions
 a - a potion of invisibility
 e - a potion of resistance
 h - 4 potions of heal wounds
 j - 13 potions of curing
 n - 3 potions of haste
 o - 6 potions of might
 s - a potion of flight
 E - a potion of cancellation
Books
 x - a manual of Translocations
Miscellaneous
 B - 2 boxes of beasts
Comestibles
 d - 40 rations


   Skills:
 - Level 13.3 Fighting
 - Level 1.7 Throwing
 - Level 10.0 Armour
 - Level 2.6 Dodging
 + Level 14.7 Shields
 - Level 20.0 Unarmed Combat
 - Level 5.0 Evocations


You had 16 spell levels left.
You didn't know any spells.
Your spell library contained the following spells:

 Spells                   Type           Power        Failure   Level  Hunger
 Animate Skeleton         Necr           N/A          100%        1    ##.....
 Apportation              Tloc           #.....       100%        1    ##.....
 Corona                   Hex            #......      100%        1    ##.....
 Foxfire                  Conj/Fire      #...         100%        1    ##.....
 Summon Butterflies       Summ           #.......     100%        1    ##.....
 Summon Small Mammal      Summ           #...         100%        1    ##.....
 Ensorcelled Hibernation  Hex/Ice        #.....       100%        2    ###....
 Song of Slaying          Chrm           #.......     100%        2    ###....
 Call Canine Familiar     Summ           #.......     100%        3    ####...
 Confusing Touch          Hex            #.......     100%        3    ####...
 Conjure Flame            Conj/Fire      #.......     100%        3    ####...
 Gell's Gravitas          Tloc           #.........   100%        3    ####...
 Inner Flame              Hex/Fire       #.......     100%        3    ####...
 Lesser Beckoning         Tloc           #.........   100%        3    ####...
 Recall                   Summ/Tloc      N/A          100%        3    ####...
 Summon Guardian Golem    Hex/Summ       #.......     100%        3    ####...
 Tukima's Dance           Hex            #.......     100%        3    ####...
 Airstrike                Air            #.........   100%        4    #####..
 Animate Dead             Necr           N/A          100%        4    #####..
 Fulminant Prism          Conj/Hex       #.........   100%        4    #####..
 Leda's Liquefaction      Hex/Erth       #.........   100%        4    #####..
 Petrify                  Tmut/Erth      #.......     100%        4    #####..
 Sticky Flame             Conj/Fire      #.......     100%        4    #####..
 Summon Ice Beast         Ice/Summ       #.......     100%        4    #####..
 Summon Lightning Spire   Summ/Air       #.......     100%        4    #####..
 Alistair's Intoxication  Tmut/Pois      #.......     100%        5    ######.
 Borgnjor's Vile Clutch   Necr/Erth      #.........   100%        5    ######.
 Fireball                 Conj/Fire      #.........   100%        5    ######.
 Metabolic Englaciation   Hex/Ice        #.........   100%        5    ######.
 Silence                  Hex/Air        #.........   100%        5    ######.
 Summon Mana Viper        Hex/Summ       #.......     100%        5    ######.
 Yara's Violent Unravell  Hex/Tmut       #.........   100%        5    ######.
 Conjure Ball Lightning   Conj/Air       #.........   100%        6    #######
 Death Channel            Necr           #.........   100%        6    #######
 Freezing Cloud           Conj/Ice/Air   #.........   100%        6    #######
 Invisibility             Hex            #.......     100%        6    #######
 Simulacrum               Ice/Necr       #.........   100%        6    #######
 Summon Hydra             Summ           #.........   100%        7    #######
 Discord                  Hex            #.........   100%        8    #######
 Tornado                  Air            #.........   100%        9    #######


Dungeon Overview and Level Annotations

Branches:
Dungeon (15/15)            Temple (0/1) D:4            Lair (6/6) D:9
  Swamp (4/4) Lair:2        Snake (0/4) Lair:2          Orc (2/2) D:12
    Elf (0/3) Orc:2        Vaults (0/5) D:13         Depths (0/5) D:15
  Slime: Lair:5-6

Altars:
Cheibriados
Dithmenos
Elyvilon
Hepliaklqana
Qazlal
Sif Muna
Uskayaw
Wu Jian

Shops:
D:5 ?   D:6 ?   D:7 *   D:9 (   D:12 %   D:13 ?   Orc:2 *[?=(

Annotations:
D:8 3 runed translucent doors, tensugalgo's ghost, novice OpIE
D:11 1 runed translucent door, Peloso's ghost, novice MiFi
D:14 3 runed translucent doors, Dutu's ghost, journeyman GrEE
Lair:4 3 runed translucent doors, Vufrucs's ghost, journeyman DrTm
Lair:5 Urug


Innate Abilities, Weirdness & Mutations

Your body is rotting away.
You thrive on raw meat.
You are immune to poison.
You have sharp fingernails.
You are carnivorous and can eat meat at any time.
Your flesh is cold resistant. (rC+)
You are immune to negative energy. (rN+++)
You do not regenerate when monsters are visible.
You are immune to unholy pain and torment.
You can survive without breathing.


Message History

Unknown command.
You closely miss the alligator.
The alligator is almost dead.
You block the tyrant leech's attack.
The five-headed hydra barely misses you.
You block the five-headed hydra's attack. x2
The five-headed hydra misses you.
The five-headed hydra closely misses you.
You scratch the alligator.
The alligator is almost dead.
The alligator closely misses you. You block the alligator's attack.
Unknown command.
You mangle the alligator!!
You kill the alligator!
The Council accepts your kill.
You block the five-headed hydra's attack. x3
The five-headed hydra bites you!
* * * LOW HITPOINT WARNING * * *
The five-headed hydra misses you. The tyrant leech bites you!!
You die...

♣♣.≈.≈≈≈.♣♣♣≈.≈≈.♣♣ ♣....≈
♣.....≈.♣ ♣♣.≈§..♣ ♣.≈≈.♣
♣♣.♣≈≈≈.♣♣ ♣≈♣≈≈.♣♣♣.≈..♣
♣≈≈≈≈§..♣♣♣≈≈...♣♣≈.≈§♣♣
♣.≈≈≈..≈♣♣.≈≈≈≈.♣♣♣....♣
♣.≈≈.≈≈≈.♣≈≈.≈...♣♣.≈.♣♣
♣♣......≈.♣≈≈.♣.♣.♣♣≈...♣
♣.≈≈≈.♣D≈≈.≈≈.♣♣..♣♣≈≈≈.♣
♣♣.♣§≈≈♣.@≈..≈♣♣♣..♣♣.≈≈.♣
♣.♣♣♣.≈♣♣.w.≈≈)♣♣...♣.≈≈.♣
♣♣♣♣.♣.♣.≈≈...♣♣♣♣..♣^≈≈.♣
♣♣≈≈♣♣.≈.≈♣♣ ♣..♣.≈≈.♣
♣..≈♣♣♣≈≈≈♣ ♣§.♣≈≈♣≈.
♣♣.♣♣ ♣♣≈.♣ ♣≈.....≈.
♣♣.♣♣ ♣♣≈♣♣ ♣♣..≈≈≈≈.
♣...♣ ♣.§≈♣ ♣.≈≈...≈ ♣♣.♣♣
♣♣≈♣♣ ♣.§..♣..


You could see a five-headed hydra and a tyrant leech.

Vanquished Creatures
  Jorgrun (Swamp:3)
  An orc warlord (Orc:1)
  4 entropy weavers (D:12)
  Nessos (D:14)
  Azrael (D:14)
  Snorg (Lair:3)
  A fire dragon (D:15)
  Erolcha (D:12)
  An ice dragon (D:15)
  4 vault guards (D:13)
  3 shambling mangroves
  5 ghost crabs
  Harold (D:7)
  12 hydras
  A centaur warrior (D:13)
  4 catoblepae
  3 two-headed ogres
  Erica (Lair:1)
  2 death knights
  8 alligators
  2 tengu warriors
  9 death yaks (Lair:6)
  6 orc high priests
  Nergalle (Lair:2)
  6 skeletal warriors (D:14)
  6 fire crabs (D:12)
  3 wizards
  A swamp dragon (Swamp:2)
  An unseen horror (D:12)
  2 phantasmal warriors
  2 orc knights
  3 orc sorcerers (Orc:2)
  Pikel (D:5)
  10 ugly things
  2 deep elf magi (D:10)
  2 manticores (Lair:6)
  5 cyclopes
  7 black mambas
  3 centaur zombies
  9 elephants
  Joseph (D:8)
  Maurice (Orc:2)
  A torpor snail (Lair:6)
  15 spiny frogs
  2 gargoyles
  An apocalypse crab (D:12)
  2 rime drakes
  8 komodo dragons
  A tengu conjurer (D:15)
  2 polar bears (Lair:3)
  14 trolls
  A polar bear (shapeshifter) (D:15)
  6 meliai (D:15)
  9 hornets
  Grinder (D:4)
  11 tyrant leeches
  8 bog bodies
  13 blink frogs
  24 slime creatures
  7 hippogriffs
  A meliai zombie (D:15)
  A centaur simulacrum (D:14)
  A vampire (D:11)
  13 spriggans
  2 shadows
  Sigmund (D:2)
  4 water elementals (D:15)
  5 wraiths
  37 yaks
  3 wyverns
  6 fire elementals (D:14)
  2 hungry ghosts
  5 basilisks
  3 fire bats (Lair:6)
  2 wargs (Orc:1)
  2 steam dragons
  16 vampire mosquitoes
  8 swamp worms
  A small abomination (Swamp:4)
  A soldier ant (D:15)
  Duvessa (D:6)
  A naga (Lair:2)
  13 water moccasins
  2 acid dragons
  A water moccasin (shapeshifter) (D:15)
  2 hell hounds (D:14)
  7 porcupines
  5 swamp drakes
  2 ice beasts
  3 sky beasts
  A black bear (D:13)
  24 orc warriors
  2 necrophages
  2 phantoms
  11 ogres
  8 wolves
  3 boggarts (Lair:3)
  9 centaurs
  15 crocodiles
  2 big kobolds
  17 bullfrogs
  A gnoll sergeant (D:8)
  Dowan (D:6)
  4 scorpions
  A water moccasin zombie (D:7)
  18 wights
  3 killer bees (D:13)
  An electric eel (Lair:2)
  3 howler monkeys
  3 vampire bats (Lair:3)
  4 crimson imps
  A bullfrog zombie (D:10)
  5 hounds
  3 quasits
  6 jellies
  10 orc priests
  Crazy Yiuf (D:2)
  6 centaur skeletons
  28 orc wizards
  2 bullfrog skeletons
  3 iguanas
  4 worker ants
  A hound zombie (D:7)
  2 worker ant zombies
  8 gnolls
  19 adders
  4 shadow imps
  5 oozes (D:9)
  3 dart slugs
  3 worms
  4 leopard geckos
  60 orcs
  A ball python (D:2)
  8 bats
  3 giant cockroaches
  8 hobgoblins
  8 jackals
  15 kobolds
  5 quokkas
  A frilled lizard (D:2)
  10 goblins
  A jackal skeleton (D:4)
  A quokka skeleton (D:7)
  5 rats
  A fungus (D:2)
794 creatures vanquished.

Vanquished Creatures (others)
  An entropy weaver (D:12)
  A naga (Lair:2)
  A swamp drake (Swamp:4)
  A worm (D:4)
  A kobold (D:9)
  16 fungi
  15 plants
36 creatures vanquished.

Grand Total: 830 creatures vanquished

Notes
Turn   | Place    | Note
-------+----------+-------------------------------------------
     0 | D:1      | Engwar the Ghoul Gladiator began the quest for the Orb.
     0 | D:1      | Reached XP level 1. HP: 17/17 MP: 0/0
   219 | D:1      | Reached XP level 2. HP: 24/24 MP: 1/1
   405 | D:1      | Reached skill level 4 in Unarmed Combat
   927 | D:2      | Reached XP level 3. HP: 19/29 MP: 2/2
  1106 | D:2      | Reached skill level 5 in Unarmed Combat
  1186 | D:2      | Noticed Sigmund
  1215 | D:2      | Killed Sigmund
  1215 | D:2      | Reached skill level 6 in Unarmed Combat
  1215 | D:2      | Reached XP level 4. HP: 21/36 MP: 3/3
  1215 | D:2      | Reached XP level 5. HP: 24/41 MP: 4/4
  1440 | D:2      | Reached skill level 7 in Unarmed Combat
  1716 | D:2      | Found a shimmering blue altar of Sif Muna.
  1716 | D:2      | Found a hazy altar of Hepliaklqana.
  1717 | D:2      | Found an ornate altar of the Wu Jian Council.
  1738 | D:2      | Became a worshipper of the Wu Jian Council
  1797 | D:2      | Reached XP level 6. HP: 48/48 MP: 5/5
  2088 | D:2      | Found a runed translucent door.
  2089 | D:2      | Noticed Crazy Yiuf
  2098 | D:2      | Killed Crazy Yiuf
  2668 | D:3      | Reached * piety under Wu Jian
  3176 | D:4      | Reached skill level 8 in Unarmed Combat
  3315 | D:4      | Noticed a slave
  3316 | D:4      | Noticed Pikel
  3316 | D:4      | Noticed a slave
  3328 | D:4      | Noticed a slave
  3331 | D:5      | Entered Level 5 of the Dungeon
  3440 | D:4      | Noticed a slave
  3457 | D:5      | Killed Pikel
  3457 | D:5      | Reached skill level 9 in Unarmed Combat
  3457 | D:5      | Reached XP level 7. HP: 36/55 MP: 6/6
  3596 | D:4      | Reached XP level 8. HP: 58/61 MP: 7/7
  3738 | D:4      | Found a shadowy altar of Dithmenos.
  3825 | D:4      | Found a white marble altar of Elyvilon.
  3857 | D:4      | Noticed Grinder
  3867 | D:4      | Paralysed by Grinder for 6 turns
  3876 | D:4      | Killed Grinder
  4084 | D:4      | Found a staircase to the Ecumenical Temple.
  4495 | D:5      | Found Yckamom's Magic Scroll Shop.
  4499 | D:5      | Bought a scroll of teleportation for 30 gold pieces
  4499 | D:5      | Bought a scroll of torment for 75 gold pieces
  4499 | D:5      | Bought a scroll of immolation for 35 gold pieces
  4800 | D:6      | Found the +0 sword of Power
  4833 | D:6      | Reached ** piety under Wu Jian
  4887 | D:6      | Reached skill level 10 in Unarmed Combat
  5041 | D:6      | Reached skill level 5 in Shields
  5167 | D:6      | Noticed Dowan
  5168 | D:6      | Noticed Duvessa
  5175 | D:6      | Killed Duvessa
  5176 | D:6      | Killed Dowan
  5338 | D:6      | Found Wetuu's Magic Scroll Shoppe.
  5342 | D:6      | Bought a scroll of blinking for 90 gold pieces
  5424 | D:6      | Reached XP level 9. HP: 64/67 MP: 8/8
  5900 | D:6      | Reached skill level 11 in Unarmed Combat
  6415 | D:7      | Found Zawnic's Assorted Antiques.
  6599 | D:7      | Noticed Harold
  6619 | D:7      | Killed Harold
  6619 | D:7      | Reached skill level 5 in Fighting
  6824 | D:7      | Reached skill level 12 in Unarmed Combat
  6824 | D:7      | Reached XP level 10. HP: 79/82 MP: 9/9
  6958 | D:8      | Reached *** piety under Wu Jian
  7072 | D:8      | Noticed Joseph
  7094 | D:8      | Killed Joseph
  7239 | D:8      | Found a shimmering blue altar of Sif Muna.
  7305 | D:8      | Noticed a two-headed ogre
  7312 | D:8      | Found a runed translucent gate.
  7317 | D:8      | Killed a two-headed ogre
  7542 | D:8      | Found a runed translucent gate.
  7544 | D:8      | Found a runed translucent gate.
  7569 | D:8      | Noticed tensugalgo's ghost (novice OpIE)
  7850 | D:9      | Found Hamah's Antique Weapon Shoppe.
  8461 | D:9      | Found a staircase to the Lair.
  8470 | D:9      | Reached skill level 13 in Unarmed Combat
  8552 | D:9      | Found a stormy altar of Qazlal.
  8883 | D:10     | Entered Level 10 of the Dungeon
  8910 | D:10     | Noticed a deep elf mage
  8917 | D:10     | Noticed a wizard
  8921 | D:10     | Killed a deep elf mage
  8926 | D:10     | Killed a wizard
  8926 | D:10     | Reached XP level 11. HP: 89/95 MP: 10/10
  8962 | D:10     | Identified Cycle's Grimoire of Dhcmrlchtdj
  9035 | D:10     | Noticed a wizard
  9172 | D:10     | Reached **** piety under Wu Jian
  9449 | D:10     | Killed a wizard
  9666 | D:10     | Noticed a deep elf mage
  9674 | D:10     | Killed a deep elf mage
  9674 | D:10     | Reached skill level 14 in Unarmed Combat
  9832 | D:10     | Identified Ts'ui Pên's Incunabulum of Forking Paths
  9839 | D:10     | Identified Feass's Volume of Combed Thunderclap
  9883 | D:10     | Reached skill level 10 in Fighting
 10121 | D:11     | Noticed a cyclops
 10132 | D:11     | Killed a cyclops
 10132 | D:11     | Reached skill level 1 in Armour
 10404 | D:11     | Noticed a four-headed hydra
 10522 | Lair:1   | Entered Level 1 of the Lair of Beasts
 10915 | Lair:1   | Noticed Erica
 10924 | Lair:1   | Killed Erica
 10970 | Lair:1   | You fall into a shaft and drop 1 floor!
 10988 | Lair:2   | Found a staircase to the Snake Pit.
 11026 | Lair:2   | Reached skill level 15 in Unarmed Combat
 11026 | Lair:2   | Reached XP level 12. HP: 83/106 MP: 11/11
 11113 | Lair:2   | Reached ***** piety under Wu Jian
 11299 | Lair:1   | Reached skill level 5 in Armour
 11513 | Lair:1   | Noticed a four-headed hydra
 11520 | Lair:1   | Killed a four-headed hydra
 12124 | Lair:2   | Found a staircase to the Swamp.
 12663 | Lair:3   | Noticed Nergalle
 12681 | Lair:2   | Killed Nergalle
 12735 | Lair:3   | Noticed Snorg
 13072 | Lair:3   | Reached skill level 16 in Unarmed Combat
 13356 | Lair:3   | Noticed a spriggan rider
 13579 | Lair:3   | Noticed a spriggan rider
 13585 | Lair:3   | Killed a spriggan rider
 13706 | Lair:3   | Noticed a spriggan rider
 13707 | Lair:3   | Noticed a catoblepas
 13760 | Lair:3   | Killed a spriggan rider
 13760 | Lair:3   | Reached XP level 13. HP: 58/113 MP: 12/12
 14321 | Lair:3   | Killed Snorg
 14668 | Lair:4   | Reached skill level 17 in Unarmed Combat
 15101 | Lair:4   | Noticed Vufrucs's ghost (journeyman DrTm)
 15218 | Lair:4   | Found a runed translucent gate.
 15218 | Lair:4   | Found a runed translucent gate.
 15218 | Lair:4   | Found a runed translucent gate.
 16303 | Lair:5   | Reached skill level 10 in Armour
 16618 | Lair:5   | Reached skill level 1 in Evocations
 16719 | Lair:5   | Noticed Urug
 16741 | Lair:6   | Entered Level 6 of the Lair of Beasts
 17038 | Lair:6   | Got a glimmering leather armour
 17157 | Lair:6   | Reached ****** piety under Wu Jian
 17322 | Lair:6   | Reached skill level 18 in Unarmed Combat
 17322 | Lair:6   | Reached XP level 14. HP: 121/121 MP: 15/15
 17649 | Lair:6   | Reached skill level 5 in Evocations
 19525 | D:11     | Found a runed translucent door.
 19525 | D:11     | Noticed Peloso's ghost (novice MiFi)
 20122 | D:12     | Reached skill level 19 in Unarmed Combat
 20375 | D:12     | Identified the +0 leather armour "Ixzoaf" {rCorr MP-9
                  | Dex+5} (You found it on level 6 of the Lair of Beasts)
 20439 | D:12     | Found a runed translucent door.
 20603 | D:12     | Noticed an entropy weaver
 20623 | D:12     | Killed an entropy weaver
 20635 | D:12     | Noticed an entropy weaver
 20648 | D:12     | Killed an entropy weaver
 20648 | D:12     | Reached XP level 15. HP: 80/126 MP: 17/17
 21034 | D:12     | Found Puneept's Food Emporium.
 21321 | D:12     | Noticed Erolcha
 21452 | D:12     | Found a staircase to the Orcish Mines.
 21512 | D:12     | Killed Erolcha
 22064 | D:12     | Reached skill level 10 in Shields
 22072 | D:12     | Identified the Catalogue of the Ensnaring Volcanoes
 22075 | D:12     | Got a steaming brass ring
 22198 | D:13     | Found Zecoo's Magic Scroll Boutique.
 22203 | D:13     | Bought a scroll of identify for 30 gold pieces
 22203 | D:13     | Identified the ring of Doeh {rC+ rN+ MP+9} (You found it on
                  | level 12 of the Dungeon)
 22651 | D:13     | Found a gate to the Vaults.
 22663 | D:13     | Reached skill level 20 in Unarmed Combat
 22907 | D:13     | Found a shimmering blue altar of Sif Muna.
 23938 | D:14     | Found a hide-covered altar of Uskayaw.
 23940 | D:14     | Noticed Nessos
 23954 | D:14     | Killed Nessos
 24128 | D:14     | Got an ancient hunting sling
 24129 | D:14     | Identified the cursed +1 hunting sling of Triumph {flame,
                  | *Slow rF++} (You found it on level 14 of the Dungeon)
 24223 | D:14     | Noticed Azrael
 24243 | D:14     | Killed Azrael
 25003 | D:14     | Found a runed translucent gate.
 25003 | D:14     | Found a runed translucent gate.
 25003 | D:14     | Found a runed translucent gate.
 25003 | D:14     | Noticed Dutu's ghost (journeyman GrEE)
 25070 | D:14     | Reached XP level 16. HP: 81/142 MP: 18/18
 25303 | D:14     | Found a white marble altar of Elyvilon.
 25481 | D:15     | Entered Level 15 of the Dungeon
 25853 | D:15     | Found a snail-covered altar of Cheibriados.
 26685 | D:15     | Found a staircase to the Depths.
 27188 | Orc:1    | Entered Level 1 of the Orcish Mines
 27353 | Orc:2    | Entered Level 2 of the Orcish Mines
 27531 | Orc:2    | Noticed Maurice
 27647 | Orc:2    | Found Apeiphukk's Antique Armour Boutique.
 27655 | Orc:2    | Killed Maurice
 27724 | Orc:2    | Bought the +0 mask of the Dragon {MR+ Slay+3 SInv} for 1102
                  | gold pieces
 27724 | Orc:2    | Found the +0 mask of the Dragon {MR+ Slay+3 SInv}
 27730 | Orc:2    | Found Oket's Magic Scroll Shop.
 27788 | Orc:2    | Found a staircase to the Elven Halls.
 27800 | Orc:2    | Found Negh's General Store.
 27826 | Orc:2    | Bought a potion of stabbing for 56 gold pieces
 27836 | Orc:2    | Bought a scroll of identify for 36 gold pieces
 27836 | Orc:2    | Bought a scroll of identify for 36 gold pieces
 27881 | Orc:2    | Found Sueqarhe's Jewellery Boutique.
 28469 | Orc:2    | Found Luicw's Antique Weapon Emporium.
 29174 | Swamp:1  | Entered Level 1 of the Swamp
 31448 | Swamp:3  | Noticed Jorgrun
 31449 | Swamp:3  | Reached XP level 17. HP: 136/150 MP: 19/19
 31474 | Swamp:3  | Killed Jorgrun
 32061 | Swamp:4  | Entered Level 4 of the Swamp
 33430 | Swamp:3  | Slain by a tyrant leech

Illustrated notes

Levels and vault maps discovered:
D:1:      minmay_arrival_checkered_box, layout_rooms, serial_co_window_serial,
          co_window_corner_a, co_window_corner_a, co_window_paths_b,
          co_window_corner_a, co_window_paths_a, co_window_paths_a,
          co_window_cross_1, co_window_unsneaky_path_b, co_window_corner_cb,
          co_window_broadway_b, co_window_corner_ca, co_window_2corner,
          glass_columns_c, glass_columns_a, glass_columns_b
D:2:      layout_loops_ring, gammafunk_temple_overflow_claw, first_ration,
          corexii_leaking_fountain, uniq_crazy_yiuf_cottage, uniq_sigmund
D:3:      layout_loops_ring
D:4:      layout_cave_pools, marbit_many_paths, kennysheep_mini,
          minmay_temple_entry_poolview, uniq_pikel, uniq_grinder
D:5:      layout_cave_pods, serial_shops, shop, mrwooster_statue_mirror
D:6:      mumra_celtic_spiral_tile, layout_basic, serial_shops, shop,
          uniq_duvessa
D:7:      layout_basic, serial_shops, shop, uniq_harold
D:8:      layout_rooms, basic_altar, gammafunk_ghost_necromancy, uniq_joseph
D:9:      layout_layer_cave, lemuel_doored_altar, dpeg_oklobed_lair,
          serial_shops, nicolae_shop_behind_doors,
          hangedman_little_slice_of_home
D:10:     layout_gridville, bh_hangedman_babel_library
D:11:     layout_gridville, gammafunk_ghost_grave
D:12:     gammafunk_mikee_crab_dinner, layout_basic, david_orc_4, serial_shops,
          kennysheep_mini_moat, uniq_erolcha
D:13:     layout_basic, lightli_vaults_fourway_checkpoint, serial_shops, shop,
          enter_bailey_3, basic_altar
D:14:     layout_long_grid, ebering_ghost_rock_garden, basic_altar,
          old_standard_altar, uniq_nessos, uniq_azrael
D:15:     grunt_enter_depths_hoard, layout_loops_cross, minivault_19,
          basic_altar, nicolae_underground_beach
Lair:1:   layout_loops_ring, beast_lair_carwin_9, uniq_erica
Lair:2:   layout_regular_city, minmay_swamp_entry_worms,
          guppyfry_snake_entry_island, serial_forest,
          infiniplex_forest_clump_double, infiniplex_forest_fountain,
          infiniplex_forest_end_2, infiniplex_forest_clump_medium,
          infiniplex_forest_clump_small, infiniplex_forest_end_1,
          infiniplex_staircase_pool
Lair:3:   kb_forest_paths, layout_chaotic_city, roderic_batcave,
          small_statue_intersection, uniq_nergalle, uniq_snorg
Lair:4:   layout_regular_city, gammafunk_ghost_split, grunt_megastairs_4
Lair:5:   layout_regular_city, slime_altar_1, grunt_megastairs_5, uniq_urug
Lair:6:   evilmike_catoblepas_cave, layout_loops_ring,
          nicolae_volcano_entry_batcave, lemuel_fruit_tree
Swamp:1:  layout_basic_swamp, serial_swamp_ruin, evilmike_swamp_ruin_house_2,
          evilmike_swamp_ruin_rubble_2, evilmike_swamp_ruin_house_6
Swamp:2:  layout_basic_swamp, evilmike_swamp_ruin_house_3, swamp_pool3
Swamp:3:  layout_falls_marsh, evilmike_swamp_ruin_house_4, uniq_jorgrun
Swamp:4:  swamp_vile, layout_basic_swamp, swamp_pool5, uniq_louise
Orc:1:    layout_caves
Orc:2:    grunt_orc_gardens, layout_caves, grunt_orc_garden, grunt_orc_garden,
          grunt_orc_garden, grunt_orc_garden, serial_shops, shop, uniq_maurice

Skill      XL: |  1  2  3  4  5  6  7  8  9 10 11 12 13 14 15 16 17 |
---------------+----------------------------------------------------+-----
Unarmed Combat | 4 6 7 9 10 12 13 15 16 18 19 20 | 20.0
Shields        | 3 5 6 9 10 13 14 | 14.7
Fighting       | 5 9 10 13 | 13.3
Armour         | 4 8 10 | 10.0
Evocations     | 3 5 |  5.0
Throwing       | |  1.7
Dodging        | |  2.6

Action                   |  1- 3 |  4- 6 |  7- 9 | 10-12 | 13-15 | 16-18 || total
-------------------------+-------+-------+-------+-------+-------+-------++-------
Melee: Unarmed           |    73 |   174 |   213 |   653 |  1316 |   855 ||  3284
       Punch             |     3 |     2 |       |       |       |       ||     5
Throw: Throwing net      |       |       |       |     5 |       |       ||     5
Invok: Lunge             |       |    12 |    16 |    46 |    61 |    51 ||   186
       Whirlwind         |       |     2 |       |     2 |    28 |    28 ||    60
       Heavenly Storm    |       |       |       |       |     3 |       ||     3
  Use: Potion            |     1 |       |       |       |     2 |     2 ||     5
       Scroll            |       |     3 |     5 |     8 |    14 |    11 ||    41
 Stab: Confused          |       |       |       |       |       |     4 ||     4
  Eat: Chunk             |     5 |     6 |     6 |    17 |    25 |    26 ||    85
       Ration            |       |       |     2 |     3 |     6 |     2 ||    13
Armor: Leather armour    |    13 |    12 |       |       |       |       ||    25
       Scale mail        |       |    32 |    10 |       |       |       ||    42
       Chain mail        |       |       |    41 |    41 |       |       ||    82
       Plate armour      |       |       |       |    85 |   371 |   178 ||   634
       Robe              |       |       |       |       |       |     4 ||     4
Dodge: Dodged            |    44 |    56 |    18 |   118 |   286 |   257 ||   779
Block: Other             |       |    18 |       |       |       |       ||    18
       Kite shield       |       |    37 |   122 |   394 |   873 |   661 ||  2087
       Reflection        |       |     1 |     5 |    15 |    31 |    15 ||    67
